 Dungeon Crawl Stone Soup version 0.30-a0-4-ga7cffc901d (webtiles) character file.

Game seed: 3018756600749413187

204 Setbun the Sneak (level 6, 0/35 HPs)
             Began as a Kobold Enchanter on Aug 20, 2022.
             Slain by an orc priest
             ... wielding a +0 falchion
              (5 damage)
             ... on level 4 of the Dungeon.
             The game lasted 00:04:32 (4733 turns).

Setbun the Sneak (Kobold Enchanter)                 Turns: 4733, Time: 00:04:33

Health: 0/35       AC:  5    Str:  6    XL:     6   Next: 9%
Magic:  1/10       EV: 16    Int: 16    God:
Gold:   199        SH:  0    Dex: 17    Spells: 3/11 levels left

rFire   . . .      SeeInvis .    a - +1 dagger
rCold   . . .      Faith    .    (no shield)
rNeg    . . .      Spirit   .    b - +0 robe
rPois   .          Reflect  .    g - +0 helmet
rElec   .          Harm     .    o - +0 cloak
rCorr   .          Rampage  .    f - +0 pair of gloves
Will    .....                    (no boots)
Stlth   ++++......               (no amulet)
HPRegen 0.11/turn                (no ring)
MPRegen 0.12/turn                (no ring)

@: very slightly contaminated
A: small, no large weapons, nightstalker 3
a: no special abilities


You were on level 4 of the Dungeon.
You visited 1 branch of the dungeon, and saw 4 of its levels.

You collected 199 gold pieces.

Inventory:

Hand Weapons
 a - a +1 dagger (weapon)
Armour
 b - a +0 robe (worn)
 f - a +0 pair of gloves (worn)
 g - a +0 helmet (worn)
 o - a +0 cloak (worn)
Jewellery
 j - a +4 ring of evasion
 u - a ring of fire
 v - a ring of flight
 w - a ring of positive energy
Scrolls
 d - 7 scrolls of identify {unknown}
 h - a scroll of enchant armour {unknown}
 l - a scroll of magic mapping {unknown}
 m - a scroll of noise {unknown}
 n - a scroll of teleportation {unknown}
 s - a scroll of blinking {unknown}
Potions
 c - 2 potions of invisibility
 e - a potion of cancellation {unknown}
 i - 2 potions of attraction {unknown}
 k - a potion of flight {unknown}
 p - 2 potions of haste {unknown}
 q - a potion of ambrosia {unknown}
 r - a potion of heal wounds {unknown}
 t - a potion of curing {unknown}


   Skills:
 + Level 2.0 Fighting
 + Level 3.2 Short Blades
 + Level 3.7 Dodging
 + Level 5.1 Stealth
 + Level 3.0 Spellcasting
 + Level 3.6 Hexes


You had 3 spell levels left.
You knew the following spells:

 Your Spells              Type           Power      Damage    Failure   Level
a - Ensorcelled Hibernat  Hex/Ice        16%        N/A       13%         2
b - Confusing Touch       Hex            14%        N/A       12%         3
c - Dazzling Flash        Conj/Hex       16%        N/A       26%         3

Your spell library contained the following spells:

 Spells                   Type           Power      Damage    Failure   Level
 Tukima's Dance           Hex            14%        N/A       12%         3
 Sublimation of Blood     Necr           2%         N/A       28%         2
 Petrify                  Tmut/Erth      2%         N/A       88%         4
 Irradiate                Conj/Tmut      1%         3d12      99%         5


Dungeon Overview and Level Annotations

Branches:
Dungeon (4/15)
 Temple: D:4-7

Altars:


Innate Abilities, Weirdness & Mutations

You are small and have problems with some larger weapons.
You are completely attuned to the shadows.


Message History

You are too injured to fight recklessly!
You are too injured to fight recklessly!
You are too injured to fight recklessly!
You are too injured to fight recklessly!
You are too injured to fight recklessly!
You are too injured to fight recklessly!
You are too injured to fight recklessly!
You are too injured to fight recklessly!
Casting: Confusing Touch (quite dangerous; 12% risk of failure)
Confirm with . or Enter, or press ? or * to list all spells.
Aiming: Ensorcelled Hibernation (safe; 13% risk of failure)
Press: ? - help, Shift-Dir - straight line, f - orc priest
Aim: an orc priest, wielding a +0 falchion (lightly wounded, chance to affect: 41%)
The orc priest resists with some effort.
The orc priest begins to cast a cantrip, but forgets the words!
Casting: Ensorcelled Hibernation (safe; 13% risk of failure)
Confirm with . or Enter, or press ? or * to list all spells.
Aiming: Ensorcelled Hibernation (safe; 13% risk of failure)
Press: ? - help, Shift-Dir - straight line, f/p - orc priest
Aim: an orc priest, wielding a +0 falchion (lightly wounded, chance to affect: 41%)
You miscast Ensorcelled Hibernation.
You are very lightly contaminated with residual magic.
Nothing appears to happen.
The orc priest closely misses you.
Casting: Ensorcelled Hibernation (safe; 13% risk of failure)
Confirm with . or Enter, or press ? or * to list all spells.
Aiming: Ensorcelled Hibernation (safe; 13% risk of failure)
Press: ? - help, Shift-Dir - straight line, f/p - orc priest
Aim: an orc priest, wielding a +0 falchion (lightly wounded, chance to affect: 41%)
The orc priest resists with some effort.
The orc priest mumbles some strange prayers to Beogh against you.
Beogh smites you!
* * * LOW HITPOINT WARNING * * *
Casting: Ensorcelled Hibernation (safe; 13% risk of failure)
Confirm with . or Enter, or press ? or * to list all spells.
The spell is quite dangerous to miscast (26% risk of failure)!
Continue anyway?
Casting: Dazzling Flash (quite dangerous; 26% risk of failure)
Press: ? - help, Dir - look around, f - activate The orc priest is dazzled.
The orc priest hits you with a +0 falchion.
You die...

# #. .#.###
....o#.# #
...J@#.######### #
.....#.#........ #
.....#.'........ #
.......#..)..... #
.#+#.#.......... #
#.##.....#########
#.....##.##.......
########.##.......
#.##.......


You could see an orc priest (blind) and an endoplasm.

Vanquished Creatures
  A jelly (D:4)
  Crazy Yiuf (D:2)
  4 adders
  An ufetubus (D:3)
  3 worms (D:2)
  2 dart slugs
  An orc (D:4)
  3 ball pythons
  12 bats
  10 endoplasms
  2 giant cockroaches
  9 goblins
  3 hobgoblins
  8 jackals (D:1)
  3 quokkas
  2 frilled lizards (D:2)
  5 kobolds
  15 rats
85 creatures vanquished.

Notes
Turn   | Place    | Note
-------+----------+-------------------------------------------
     0 | D:1      | Setbun the Kobold Enchanter began the quest for the Orb.
     0 | D:1      | Reached XP level 1. HP: 10/10 MP: 3/3
   388 | D:1      | Reached XP level 2. HP: 11/16 MP: 5/5
   837 | D:1      | Reached XP level 3. HP: 20/20 MP: 6/6
  1367 | D:2      | Reached skill level 1 in Fighting
  1619 | D:2      | Reached XP level 4. HP: 13/25 MP: 7/7
  1806 | D:2      | Learned a level 2 spell: Ensorcelled Hibernation
  1810 | D:2      | Learned a level 3 spell: Confusing Touch
  1953 | D:2      | Found a runed translucent door.
  1956 | D:2      | Noticed Crazy Yiuf
  2784 | D:2      | Killed Crazy Yiuf
  2785 | D:2      | Reached XP level 5. HP: 29/29 MP: 9/9
  3059 | D:3      | Learned a level 3 spell: Dazzling Flash
  3160 | D:3      | Found a faded altar of an unknown god.
  3347 | D:3      | Reached skill level 5 in Stealth
  4090 | D:4      | Noticed a black bear
  4600 | D:4      | Reached XP level 6. HP: 27/35 MP: 10/10
  4733 | D:4      | Slain by an orc priest

Illustrated notes

Levels and vault maps discovered:
D:1:      dpeg_arrival_boxorama, layout_rooms, minmay_pentomino_o2
D:2:      layout_basic, corexii_leaking_fountain, minmay_rat_gold_closets,
          uniq_crazy_yiuf_cottage
D:3:      layout_basic, dreamdust_ecumenical_altar_statues,
          kennysheep_generic_room_5
D:4:      layout_basic

Skill      XL: |  1  2  3  4  5 |
---------------+----------------+-----
Short Blades   | 2 3 |  3.2
Dodging        | 3 |  3.7
Fighting       | 1 2 |  2.0
Stealth        | 5 |  5.1
Spellcasting   | 3 |  3.0
Hexes          | |  3.6

Action                   |  1- 3 |  4- 6 || total
-------------------------+-------+-------++-------
Melee: Dagger            |   144 |   162 ||   306
       Punch             |     2 |     1 ||     3
 Cast: Ensorcelled Hiber |       |     4 ||     4
       Dazzling Flash    |       |     2 ||     2
       Confusing Touch   |       |     1 ||     1
 Stab: Sleeping          |    11 |    28 ||    39
       Distracted        |       |     1 ||     1
Armor: Robe              |    28 |    32 ||    60
Dodge: Dodged            |   136 |   114 ||   250

Table legend: (Time is in decaauts)
 A = Elapsed time spent in this place.
 B = Non-inter-level travel time spent in this place.
 C = Inter-level travel time spent in this place.
 D = Time resting spent in this place.
 E = Time spent auto-exploring this place.
 F = Levels seen in this place.
 G = Mean time per level.
                   A        B        C        D        E       F      G
               +--------+--------+--------+--------+--------+-----+--------+
         Total |   4696 |   4545 |    151 |    745 |   3127 |   4 | 1174.0 |
       Dungeon |   4696 |   4545 |    151 |    745 |   3127 |   4 | 1174.0 |
               +--------+--------+--------+--------+--------+-----+--------+

Top non-repeatable levels by time:
     D:3: 1510 daAuts
     D:2: 1495 daAuts
     D:1: 1313 daAuts
     D:4: 377 daAuts
